 Dungeon Crawl Stone Soup version 0.29-a0-841-g116ddc6ace (webtiles) character file.

Game seed: 1910692174309120577

195915 Mesmaeker13 the Devastator (level 17, -4/93 HPs)
             Began as a Deep Elf Ice Elementalist on July 14, 2022.
             Was a High Priest of Vehumet.
             Slain by a ghost moth (11 damage)
             ... on level 2 of the Lair of Beasts.
             The game lasted 01:27:54 (44452 turns).

Mesmaeker13 the Devastator (DEIE)                  Turns: 44452, Time: 01:27:55

Health: -4/93      AC: 11    Str:  7 (11) XL:     17   Next: 72%
Magic:  0/43       EV: 18    Int: 29 (31) God:    Vehumet [*****.]
Gold:   2549       SH: 17    Dex: 18 (22) Spells: 3/38 levels left

rFire   . . .      SeeInvis .   s - staff of earth
rCold   . . .      Faith    .   y - +0 kite shield
rNeg    . . .      Spirit   .   E - +4 robe of Augmentation {Str+4 Int+4 Dex+4}
rPois   +          Reflect  +   (no helmet)
rElec   .          Harm     .   B - +0 cloak
rCorr   .          Rampage  .   a - +2 pair of gloves {Dex+3}
Will    +....                   o - +0 pair of boots
Stlth   ++........              O - amulet of reflection
HPRegen 0.25/turn               e - ring of poison resistance
MPRegen 0.28/turn               P - ring of magical power

@: about to teleport
A: no striking features
}: 1/15 runes: decaying
a: Renounce Religion


You were on level 2 of the Lair of Beasts.
You worshipped Vehumet.
Vehumet was extremely pleased with you.
You visited 6 branches of the dungeon, and saw 29 of its levels.
You also visited: Sewer and Bailey.

You collected 2849 gold pieces.
You spent 300 gold pieces at shops.

Inventory:

Hand Weapons
 h - the +7 captain's cutlass {speed, disarm}
   (You took it off Nessos on level 6 of the Lair of Beasts)

   Attacks with this weapon are significantly faster.
   It may disarm weapon-wielding foes when striking them, dealing extra damage
   in the process.
 n - a +3 demon blade of pain
 R - a +1 demon whip of freezing
Missiles
 D - 4 throwing nets
 U - 9 curare-tipped darts (quivered)
Armour
 a - a +2 pair of gloves of dexterity (worn)
 m - a +2 robe of willpower
 o - a +0 pair of boots (worn)
 y - a +0 kite shield (worn)
 B - a +0 cloak (worn)
 E - the +4 robe of Augmentation (worn) {Str+4 Int+4 Dex+4}
   (You took it off an orc wizard on level 5 of the Dungeon)

   Str:       It affects your strength (+4).
   Int:       It affects your intelligence (+4).
   Dex:       It affects your dexterity (+4).
Magical Staves
 s - a staff of earth (weapon)
Jewellery
 e - a ring of poison resistance (left hand)
 r - a +6 ring of intelligence
 H - a ring of willpower
 I - a ring of protection from cold
 O - an amulet of reflection (around neck)
 P - a ring of magical power (right hand)
 S - a ring of fire
 T - a ring of resist corrosion
Wands
 w - a wand of mindburst (7)
 M - a wand of digging (7)
 N - a wand of flame (15)
 V - a wand of paralysis (24)
Scrolls
 c - a scroll of immolation
 i - 8 scrolls of noise
 k - 4 scrolls of magic mapping
 l - 5 scrolls of teleportation
 p - 4 scrolls of poison
 q - 5 scrolls of blinking
 v - 11 scrolls of identify
 x - 3 scrolls of fog
 z - 9 scrolls of vulnerability
Potions
 b - 3 potions of magic
 d - 3 potions of heal wounds
 f - 3 potions of flight
 g - 4 potions of cancellation
 j - 3 potions of curing
 t - 8 potions of might
 u - 4 potions of lignification
 A - a potion of ambrosia {unknown}
 C - 8 potions of brilliance
 F - a potion of berserk rage {unknown}
 G - 3 potions of haste
 K - 4 potions of resistance
 L - 5 potions of attraction


   Skills:
 - Level 6.1 Fighting
 - Level 11.3 Dodging
 - Level 2.4 Stealth
 + Level 9.2 Shields
 - Level 11.3 Spellcasting
 + Level 15.9 Conjurations
 - Level 10.7 Summonings
 - Level 10.8 Translocations
 + Level 15.4 Ice Magic
 + Level 4.2 Air Magic
 - Level 12.6 Earth Magic
 - Level 6.1 Evocations


You had 3 spell levels left.
You knew the following spells:

 Your Spells              Type           Power      Damage    Failure   Level
a - Freezing Cloud        Conj/Ice/Air   35%        6-21      1%          5
b - Metabolic Englaciati  Hex/Ice        28%        N/A       9%          5
c - Ozocubu's Armour      Ice            82%        N/A       1%          3
d - Hailstorm             Conj/Ice       82%        3d17      1%          4
e - Iron Shot             Conj/Erth      49%        9d9       1%          6
f - Summon Forest         Summ/Tloc      34%        N/A       2%          5
g - Ozocubu's Refrigerat  Ice            41%        4d13      3%          7

Your spell library contained the following spells:

 Spells                   Type           Power      Damage    Failure   Level
 Iskenderun's Battlesphe  Conj           83%        2d13      1%          5
 Freeze                   Ice            100%       1d11      0%          1
 Apportation              Tloc           100%       N/A       1%          1
 Summon Small Mammal      Summ           100%       N/A       1%          1
 Frozen Ramparts          Ice            100%       1d12      1%          3
 Mephitic Cloud           Conj/Pois/Air  53%        N/A       1%          3
 Portal Projectile        Hex/Tloc       94%        N/A       2%          3
 Ignite Poison            Fire/Tmut/Pois 16%        N/A       6%          3
 Necrotise                Necr           64%        1d7       8%          1
 Sublimation of Blood     Necr           16%        N/A       11%         2
 Wereblood                Tmut           16%        N/A       11%         2
 Tukima's Dance           Hex            16%        N/A       22%         3
 Animate Armour           Summ/Erth      100%       N/A       1%          4
 Summon Ice Beast         Ice/Summ       75%        N/A       1%          4
 Lee's Rapid Deconstruct  Erth           47%        3d23*     1%          5
 Irradiate                Conj/Tmut      29%        3d21      2%          5
 Leda's Liquefaction      Hex/Erth       34%        N/A       5%          4
 Petrify                  Tmut/Erth      68%        N/A       5%          4
 Summon Cactus Giant      Summ           34%        N/A       14%         6
 Borgnjor's Vile Clutch   Necr/Erth      34%        N/A       16%         5
 Summon Mana Viper        Hex/Summ       47%        N/A       22%         5
 Simulacrum               Ice/Necr       28%        N/A       43%         6
 Malign Gateway           Summ/Tloc      34%        N/A       58%         7
 Monstrous Menagerie      Summ           34%        N/A       61%         7
 Summon Hydra             Summ           34%        N/A       61%         7
 Statue Form              Tmut/Erth      45%        N/A       65%         6
 Alistair's Intoxication  Tmut/Pois      10%        N/A       90%         5
 Blade Hands              Tmut           8%         N/A       90%         5
 Eringya's Noxious Bog    Tmut/Pois      8%         N/A       93%         6
 Summon Horrible Things   Summ           34%        N/A       99%         8


Dungeon Overview and Level Annotations

Branches:
Dungeon (15/15)            Temple (1/1) D:7            Lair (6/6) D:8
  Swamp (4/4) Lair:3       Spider (1/4) Lair:2        Slime (0/5) Lair:5
    Orc (2/2) D:9             Elf (0/3) Orc:2        Vaults (0/5) D:13
 Depths (0/4) D:15          Sewer (visited)          Bailey (visited)

Altars:
Ashenzari
Cheibriados
Dithmenos
Elyvilon
Fedhas
Gozag
Hepliaklqana
Kikubaaqudgha
Makhleb
Nemelex Xobeh
Okawaru
Qazlal
Ru
Sif Muna
Trog
Uskayaw
Vehumet
Wu Jian
Xom
Yredelemnul
Zin
The Shining One
Lugonu

Shops:
D:1 ?   D:14 (*   Orc:1 =   Orc:2 !*?

Portals:
Abyss: Lair:3

Annotations:
D:9 3 runed translucent doors, Mesmaeker13's ghost, journeyman DjHW
Orc:2 2 transporters, eyesofgods1's ghost, journeyman GnCj


Message History

There is a strange disturbance nearby!
You feel you are being watched by something.
You feel your power leaking away.
You feel you are being watched by something.
You feel your power leaking away. Something closely misses you.
Something hits you!
You feel clumsy.
Deactivating autopickup; reactivate with Ctrl-A.
Something stings you.
You feel weakened. Something hits you but does no damage.
You block something's attack. Something stings you.
Something hits you but does no damage. You block something's attack.
Something stings you.
Something barely misses you. x2; Something stings you.
You feel you are being watched by something.
You feel your power leaking away. Something hits you!
Something hits you but does no damage.
Something stings you but does no damage.
You feel you are being watched by something.
You feel your power leaking away. Something barely misses you.
Something hits you! Something barely misses you.
You see here the guardian serpent skeleton of Aizul.
You feel you are being watched by something.
There is a crawl-hole back to the Lair, spattered with blood here.
Something hits you!!
* * * LOW HITPOINT WARNING * * *
Something hits you.
* * * LOW HITPOINT WARNING * * *
Something stings you.
* * * LOW HITPOINT WARNING * * *
You climb upwards.
Welcome back to the Lair of Beasts!
Reactivating autopickup.
There is a hole to the Spider Nest, spattered with blood here.
As you read the scroll of teleportation, it crumbles to dust.
You feel strangely unstable.
You feel you are being watched by something.
You feel your power leaking away. Something hits you!
You die...

#..# #..## ##.## #..... #..#
##...######..###.....
##.###.#..................
#.#......^^...#####......
#####...^..^..^^..# ###....
#####..#...........^^.## #....
††..........^..^^^^....# ##....
†######.#....^.^^^^....# #.....
.†.######.#..^^^@^.....## ##....
.....## #..^.^^^^^......# ###....
......# #.....^^^.^^^...# #......
..P...###.#...^^^^^^....#####....
###....##.....^^^^...............
#.....####....^......####.##..#.
###...# #.###.#.##### #.#####.
##### #..#....# #.# ##. #.####P.#
##.# #..


There were no monsters in sight!

Vanquished Creatures
  Mara (Swamp:3)
  Mlioglotl (Swamp:1)
  5 thorn hunters
  A fenstrider witch (Swamp:2)
  A tengu reaver (D:15)
  Roxanne (Swamp:3)
  An emperor scorpion (Spider:1)
  Aizul (Spider:1)
  An ironbound preserver (D:13)
  2 broodmothers
  A vampire knight (D:15)
  A bunyip (Swamp:4)
  4 eleionomae
  Nessos (Lair:6)
  A spark wasp (Spider:1)
  2 ettins (D:15)
  A yaktaur captain (D:15)
  A shambling mangrove (Swamp:4)
  6 boulder beetles
  21 hydras
  A jorogumo (Lair:2)
  2 ghost crabs
  5 ogre magi
  26 two-headed ogres
  A catoblepas (Lair:6)
  5 centaur warriors
  A death knight (D:15)
  A merfolk avatar (Lair:6)
  A tengu warrior (D:15)
  7 alligators
  Nergalle (Lair:2)
  Urug (Lair:2)
  9 spriggans
  Amaemon (Lair:2)
  A pharaoh ant (Spider:1)
  6 skeletal warriors
  A steelbarb worm (Spider:1)
  A deep troll (D:15)
  4 goliath frogs
  5 spriggan druids
  An orb spider (Spider:1)
  9 swamp dragons
  5 bog bodies
  2 necromancers (D:15)
  2 orc knights (Bailey)
  2 deep elf pyromancers (D:13)
  3 wolf spiders (Spider:1)
  6 will-o-the-wisps
  2 manticores
  6 ugly things
  2 orc sorcerers
  An oklob plant (Lair:3)
  7 cyclopes
  9 elephants
  A nameless horror (Lair:5)
  4 black mambas
  2 torpor snails
  3 rime drakes
  11 cane toads
  2 gargoyles
  An unseen horror (D:12)
  An orange demon (Lair:2)
  3 demonic crawlers (Spider:1)
  9 komodo dragons
  Maggie (D:6)
  A freezing wraith (D:15)
  2 bloated husks
  12 tyrant leeches
  11 trolls
  2 polar bears (Lair:6)
  2 tarantellas (Spider:1)
  12 hornets
  Prince Ribbit (D:6)
  19 slime creatures
  29 blink frogs
  11 jumping spiders
  8 culicivoras (Spider:1)
  3 snapping turtles (Lair:6)
  A centaur simulacrum (D:15)
  A vampire (D:13)
  9 wyverns
  7 wraiths
  37 yaks
  A basilisk (D:13)
  9 redbacks
  4 steam dragons
  8 vampire mosquitoes
  A warg (Orc:2)
  9 swamp worms
  3 acid dragons
  15 water moccasins
  Duvessa (D:6)
  9 black bears
  2 ice beasts
  23 orc warriors
  8 swamp drakes
  A sky beast (D:8)
  A black bear (shapeshifter) (D:15)
  21 wolves
  26 ogres
  4 kobold brigands
  10 centaurs
  A necrophage (D:7)
  Blork the orc (D:6)
  15 bullfrogs
  5 gnoll sergeants
  2 scorpions
  4 wights (D:7)
  Dowan (D:6)
  9 killer bees
  An electric eel (Lair:3)
  4 howler monkeys
  A jelly (D:6)
  2 gnoll boudas
  2 hounds
  9 orc priests
  Crazy Yiuf (D:6)
  2 iguanas
  16 orc wizards
  9 hell rats
  33 gnolls
  10 river rats
  10 adders
  A white imp (D:7)
  2 worms
  2 dart slugs
  72 orcs
  5 endoplasms
  2 giant cockroaches (D:1)
  3 goblins
  5 hobgoblins
  3 jackals (D:3)
  3 quokkas
  8 ball pythons
  2 bats
  15 frilled lizards
  22 kobolds
  15 rats
  5 briar patches (Swamp:1)
  A butterfly (Lair:4)
  2 lurking horrors (Lair:3)
859 creatures vanquished.

Vanquished Creatures (collateral kills)
  An ogre mage (Orc:2)
  2 orc high priests (Orc:1)
  A skeletal warrior (D:12)
  A sea snake (Lair:6)
  2 ugly things (D:14)
  An orc sorcerer (Orc:1)
  A cyclops (D:15)
  Maurice (Orc:1)
  An elephant (Lair:6)
  A polar bear (Lair:6)
  2 slime creatures (D:14)
  A spriggan (Swamp:4)
  A yak (Lair:6)
  A wyvern (Lair:6)
  7 orc warriors
  3 ogres
  4 orc priests
  6 orc wizards (Orc:1)
  A gnoll (Orc:1)
  19 orcs
  A bush (Lair:6)
58 creatures vanquished.

Vanquished Creatures (others)
  A briar patch (Swamp:1)
  8 foxfires
  34 fungi
  71 plants
  5 snaplasher vines
  8 toadstools (Swamp:1)
127 creatures vanquished.

Grand Total: 1044 creatures vanquished

Notes
Turn   | Place    | Note
-------+----------+-------------------------------------------
     0 | D:1      | Mesmaeker13 the Deep Elf Ice Elementalist began the quest
                  | for the Orb.
     0 | D:1      | Reached XP level 1. HP: 10/10 MP: 6/6
   238 | D:1      | Found Juvve's Magic Scroll Shoppe.
   413 | D:1      | Reached XP level 2. HP: 14/15 MP: 4/8
   966 | D:2      | Reached XP level 3. HP: 19/19 MP: 7/10
  1145 | D:2      | Reached skill level 5 in Ice Magic
  1511 | D:2      | Found a faded altar of an unknown god.
  1645 | D:2      | Learned a level 3 spell: Frozen Ramparts
  1646 | D:3      | Noticed a black bear
  1762 | D:3      | Found a glowing drain.
  1767 | D:3      | Reached XP level 4. HP: 24/24 MP: 9/12
  1773 | Sewer    | Entered a sewer
  2252 | Sewer    | Reached XP level 5. HP: 23/28 MP: 11/14
  2411 | D:3      | Reached skill level 5 in Spellcasting
  2699 | D:4      | Learned a level 3 spell: Ozocubu's Armour
  3153 | D:4      | Reached XP level 6. HP: 16/32 MP: 5/16
  3400 | D:4      | Reached skill level 5 in Dodging
  3463 | D:4      | Found a glowing silver altar of Zin.
  4013 | D:5      | Entered Level 5 of the Dungeon
  4019 | D:5      | Learned a level 4 spell: Hailstorm
  4260 | D:5      | Noticed an ice beast
  4323 | D:5      | Killed an ice beast
  4324 | D:5      | Reached skill level 1 in Evocations
  4324 | D:5      | Reached XP level 7. HP: 32/36 MP: 14/18
  4647 | D:6      | Noticed Blork the orc
  4654 | D:6      | Killed Blork the orc
  4752 | D:6      | Noticed Prince Ribbit
  4758 | D:6      | Killed Prince Ribbit
  4759 | D:6      | Reached XP level 8. HP: 15/41 MP: 11/20
  5089 | D:6      | Found a runed translucent door.
  5092 | D:6      | Noticed Crazy Yiuf
  5098 | D:6      | Killed Crazy Yiuf
  5417 | D:6      | Noticed Maggie
  5430 | D:6      | Killed Maggie
  5581 | D:6      | Noticed Duvessa
  5585 | D:6      | Reached skill level 5 in Evocations
  5590 | D:6      | Killed Duvessa
  5591 | D:6      | Reached XP level 9. HP: 40/45 MP: 11/23
  5685 | D:6      | Found a bloodstained altar of Trog.
  5700 | D:6      | Found a shimmering blue altar of Sif Muna.
  5700 | D:6      | Noticed Dowan
  5702 | D:6      | Killed Dowan
  5707 | D:6      | Got Sif Muna's Atlas of Transmutation
  6492 | D:7      | Found a staircase to the Ecumenical Temple.
  6502 | Temple   | Entered the Ecumenical Temple
  7330 | D:7      | Found a shimmering altar of Xom.
  7331 | D:7      | Found a hide-covered altar of Uskayaw.
  7331 | D:7      | Found a radiant altar of Vehumet.
  7348 | D:7      | Became a worshipper of Vehumet
  7577 | D:7      | Reached skill level 1 in Conjurations
  7767 | D:7      | Found a burning altar of Makhleb.
  8266 | D:7      | Found a shadowy altar of Dithmenos.
  8270 | D:7      | Found a stormy altar of Qazlal.
  8436 | D:8      | Reached skill level 10 in Spellcasting
  8670 | D:8      | Reached XP level 10. HP: 47/50 MP: 20/26
  8882 | D:8      | Found a flagged portal.
  8891 | Bailey   | Entered a bailey
  8908 | Bailey   | Reached * piety under Vehumet
  8908 | Bailey   | Offered knowledge of Sandblast by Vehumet.
  9583 | Bailey   | Noticed an orc knight
  9583 | Bailey   | Noticed an orc knight
  9624 | Bailey   | Killed an orc knight
  9625 | Bailey   | Reached skill level 10 in Dodging
  9787 | Bailey   | Killed an orc knight
  9788 | Bailey   | Reached skill level 10 in Ice Magic
  9963 | D:8      | Found a staircase to the Lair.
 10492 | D:9      | Reached ** piety under Vehumet
 10492 | D:9      | Offered knowledge of Static Discharge by Vehumet.
 10493 | D:9      | Reached skill level 5 in Conjurations
 10610 | D:9      | Learned a level 6 spell: Iron Shot
 10690 | D:9      | Found a runed translucent gate.
 10691 | D:9      | Found a runed translucent gate.
 10763 | D:9      | Found a runed translucent gate.
 10764 | D:9      | Noticed an 11-headed hydra
 10765 | D:9      | Noticed Mesmaeker13's ghost (journeyman DjHW)
 10894 | D:9      | Reached skill level 1 in Earth Magic
 11125 | D:9      | Found a staircase to the Orcish Mines.
 11264 | D:9      | Reached XP level 11. HP: 39/54 MP: 9/28
 11462 | Lair:1   | Entered Level 1 of the Lair of Beasts
 11512 | Lair:1   | Noticed a four-headed hydra
 11523 | Lair:1   | Killed a four-headed hydra
 11601 | Lair:1   | Offered knowledge of Mephitic Cloud by Vehumet.
 12964 | Lair:2   | Noticed Urug
 12973 | Lair:2   | Killed Urug
 12978 | Lair:2   | Reached skill level 1 in Fighting
 13314 | Lair:2   | Reached *** piety under Vehumet
 13907 | Lair:2   | Found a hole to the Spider Nest.
 13971 | Lair:2   | Reached skill level 5 in Earth Magic
 14032 | Lair:2   | Offered knowledge of Dazzling Flash by Vehumet.
 14296 | Lair:2   | Noticed Amaemon
 14297 | Lair:2   | Noticed Nergalle
 14305 | Lair:2   | Killed Amaemon
 14306 | Lair:2   | Reached XP level 12. HP: 64/64 MP: 23/29
 14317 | Lair:2   | Killed Nergalle
 15110 | Lair:3   | Noticed a five-headed hydra
 15270 | Lair:3   | Killed a five-headed hydra
 15298 | Lair:3   | Reached **** piety under Vehumet
 15437 | Lair:3   | Offered knowledge of Lightning Bolt by Vehumet.
 15540 | Lair:3   | Found a corrupted altar of Lugonu.
 15903 | Lair:3   | Found a one-way gate to the infinite horrors of the Abyss.
 16180 | Lair:3   | Found a staircase to the Swamp.
 17342 | Lair:4   | Reached skill level 5 in Fighting
 17342 | Lair:4   | Reached skill level 10 in Conjurations
 17342 | Lair:4   | Reached XP level 13. HP: 73/73 MP: 30/30
 18775 | Lair:5   | Found a staircase to the Slime Pits.
 18900 | Lair:5   | Learned a level 5 spell: Summon Forest
 18993 | Lair:5   | Reached XP level 14. HP: 80/80 MP: 31/31
 19098 | Lair:5   | Reached skill level 1 in Shields
 19098 | Lair:5   | Reached skill level 1 in Summonings
 19098 | Lair:5   | Reached skill level 1 in Translocations
 20140 | Lair:6   | Entered Level 6 of the Lair of Beasts
 20480 | Lair:6   | Reached ***** piety under Vehumet
 20494 | Lair:6   | Offered knowledge of Conjure Ball Lightning by Vehumet.
 21295 | Lair:6   | Reached skill level 10 in Earth Magic
 21624 | Lair:6   | Noticed Nessos
 21649 | Lair:6   | Killed Nessos
 22990 | D:10     | Entered Level 10 of the Dungeon
 23972 | Orc:1    | Entered Level 1 of the Orcish Mines
 23974 | Orc:1    | Paralysed by an orc sorcerer for 2 turns
 23978 | Orc:1    | Reached skill level 5 in Translocations
 23985 | Orc:1    | Reached skill level 5 in Summonings
 24092 | Orc:1    | Offered knowledge of Irradiate by Vehumet.
 24619 | Orc:1    | Found Kyarphoax's Jewellery Boutique.
 24762 | Orc:2    | Entered Level 2 of the Orcish Mines
 25222 | Orc:2    | Found a transporter.
 25222 | Orc:2    | Noticed eyesofgods1's ghost (journeyman GnCj)
 25328 | Orc:2    | Reached XP level 15. HP: 84/84 MP: 16/32
 25464 | Orc:2    | Offered knowledge of Freezing Cloud by Vehumet.
 25901 | Orc:2    | Found a staircase to the Elven Halls.
 25951 | Orc:2    | Found a transporter.
 26083 | Orc:2    | Reached skill level 5 in Shields
 26357 | Orc:1    | Noticed Maurice
 26364 | Orc:1    | Killed Maurice
 26598 | Orc:2    | Found Weoxigih's Magic Scroll Boutique.
 26598 | Orc:2    | Found Buakk's Assorted Antiques.
 26599 | Orc:2    | Found Geodewah's Distillery.
 26599 | Orc:2    | Found Canwog's Armour Shop.
 26831 | Orc:2    | Bought a scroll of blinking for 90 gold pieces
 26831 | Orc:2    | Bought a scroll of blinking for 90 gold pieces
 26832 | Orc:2    | Bought a shiny ivory ring for 120 gold pieces
 30075 | D:13     | Offered knowledge of Ozocubu's Refrigeration by Vehumet.
 30090 | D:13     | Learned a level 7 spell: Ozocubu's Refrigeration
 30728 | D:13     | Found a gate to the Vaults.
 32188 | D:14     | Found Orut's Changing Room.
 32813 | D:14     | Found Abrudw Hora's Antique Weapon Shop.
 32881 | D:15     | Entered Level 15 of the Dungeon
 33199 | D:15     | Reached XP level 16. HP: 88/88 MP: 18/33
 33658 | D:15     | Found a staircase to the Depths.
 33673 | D:15     | Noticed a tengu reaver
 33677 | D:15     | Killed a tengu reaver
 34163 | D:15     | Offered knowledge of Orb of Destruction by Vehumet.
 35088 | Lair:1   | Learned a level 5 spell: Freezing Cloud
 35140 | Spider:1 | Entered Level 1 of the Spider Nest
 35980 | Swamp:1  | Entered Level 1 of the Swamp
 36108 | Swamp:1  | Noticed a thorn hunter
 36118 | Swamp:1  | Killed a thorn hunter
 36935 | Swamp:1  | Noticed a thorn hunter
 36942 | Swamp:1  | Killed a thorn hunter
 37170 | Swamp:1  | Noticed Mlioglotl
 37181 | Swamp:1  | Killed Mlioglotl
 37654 | Swamp:2  | Reached skill level 10 in Translocations
 37718 | Swamp:2  | Reached skill level 10 in Summonings
 38298 | Swamp:2  | Identified the +8 plate armour of Plasticity {Int+2}
 38521 | Swamp:2  | Identified the +1 ring mail of the Valley of Death {Str+4}
 38796 | Swamp:2  | Reached skill level 15 in Conjurations
 38997 | Swamp:3  | Reached XP level 17. HP: 93/93 MP: 34/34
 39186 | Swamp:3  | Noticed Mara
 39738 | Swamp:3  | Killed Mara
 40090 | Swamp:3  | Noticed Roxanne
 40094 | Swamp:3  | Killed Roxanne
 40322 | Swamp:4  | Entered Level 4 of the Swamp
 40327 | Swamp:4  | Offered knowledge of Iskenderun's Battlesphere by Vehumet.
 40457 | Swamp:4  | Reached skill level 1 in Air Magic
 41325 | Swamp:4  | Reached skill level 15 in Ice Magic
 42460 | Swamp:4  | Got a decaying rune of Zot
 42624 | Lair:1   | Learned a level 5 spell: Metabolic Englaciation
 43206 | Spider:1 | Noticed Aizul
 43421 | Spider:1 | Killed Aizul
 43911 | Lair:2   | HP: 3/93 [something (10)]
 44452 | Lair:2   | Slain by a ghost moth

Illustrated notes

Levels and vault maps discovered:
D:1:      lightli_arrival_chessboard, layout_loops_cross, serial_glass,
          glass_columns_c, glass_columns_c, serial_shops, nicolae_shop_stone
D:2:      layout_rooms, chequers_ecumenical_altar_lobes
D:3:      layout_basic, portal_sewer_entry_b
D:4:      layout_basic, mainiacjoe_overflow_alcove_4, serial_bayou_pond_c
D:5:      layout_gridville, dk_rats_in_the_wall
D:6:      layout_basic, nzn_overflow_gifts_of_might_and_magic,
          uniq_blork_the_orc, uniq_prince_ribbit1, uniq_maggie,
          uniq_crazy_yiuf_cottage
D:7:      layout_gridville, mainiacjoe_overflow_paths,
          minmay_overflow_temple_star_hex, minmay_temple_entry_statues
D:8:      layout_cave_pools, lair_entry_dummy, enter_bailey_8
D:9:      layout_basic, hiddenorc1_lemuel, gammafunk_ghost_hydra_chop
D:10:     layout_basic, hangedman_abyss_or_decor_passed
D:11:     layout_roguey
D:12:     layout_gridville
D:13:     layout_layer_cave, skrybe_vaults_entry_preservation
D:14:     layout_grid_maze, serial_shops, nicolae_shop_hallway_plus,
          nicolae_transmutations_shop
D:15:     hangedman_depths_entry_civil_slaughter, layout_loops_cross,
          dreamdust_princess_corridor, dispersion_dpeg
Temple:   dshaligram_water_room_temple
Lair:1:   layout_layer_cave
Lair:2:   layout_small_grid, spider_nest_entry_web_field, kennysheep_rathole,
          grunt_megastairs_1, uniq_amaemon, uniq_nergalle, uniq_urug
Lair:3:   layout_regular_city, minmay_swamp_entry_worms,
          portal_ice_cave_entry_pillars_2, nicolae_quartered_pool_medium,
          amcnicky_altar_lugonu_corruption, lemuel_fruit_tree,
          serial_bayou_shore_a
Lair:4:   layout_roguey, lemuel_fruit_fields
Lair:5:   layout_regular_city, dpeg_slime_entry_corner
Lair:6:   gammafunk_lair_ancient_temple, layout_cellular_growth, uniq_nessos
Swamp:1:  cheibrodos_swamp_tower_of_moss, layout_basic_swamp,
          nicolae_swamp_dense_foliage, swamp_pool1, nicolae_swamp_little_swirl,
          infiniplex_staircase_pool_2, uniq_mlioglotl
Swamp:2:  nicolae_swamp_ascending_descending, layout_falls_marsh,
          evilmike_swamp_ruin_house_5, nicolae_swamp_alligator_family
Swamp:3:  layout_falls_marsh, evilmike_swamp_ruin_house_4, uniq_roxanne,
          uniq_mara
Swamp:4:  swamp_basic_johnstein, layout_basic_swamp, swamp_pool4
Spider:1: layout_spider_delve, hellmonk_spider_spawner, uniq_aizul
Orc:1:    layout_caves, serial_shops, shop, uniq_maurice
Orc:2:    st_orc_ogre_mass, layout_diamond_mine, gammafunk_ghost_arena

Skill      XL: |  1  2  3  4  5  6  7  8  9 10 11 12 13 14 15 16 17 |
---------------+----------------------------------------------------+-----
Dodging        | 3 4 5 6 7 9 10 11 | 11.3
Spellcasting   | 4 5 6 7 8 10 11 | 11.3
Ice Magic      | 5 6 7 8 9 10 11 13 14 15 | 15.4
Evocations     | 1 3 5 6 |  6.1
Conjurations   | 2 5 8 10 11 12 13 15 | 15.9
Earth Magic    | 2 5 8 9 10 12 | 12.6
Fighting       | 3 5 6 |  6.1
Shields        | 4 6 8 9 |  9.2
Summonings     | 5 8 10 | 10.7
Translocations | 5 8 10 | 10.8
Air Magic      | 4 |  4.2
Stealth        | |  2.4

Action                   |  1- 3 |  4- 6 |  7- 9 | 10-12 | 13-15 | 16-18 || total
-------------------------+-------+-------+-------+-------+-------+-------++-------
Melee: Unarmed           |     1 |       |       |       |       |       ||     1
       Dagger            |     9 |    72 |     9 |       |       |       ||    90
       Punch             |       |     1 |     1 |       |       |       ||     2
       Trident           |       |       |    56 |    30 |       |       ||    86
       Demon whip        |       |       |       |     3 |    13 |       ||    16
       Cutlass           |       |       |       |       |    49 |     9 ||    58
       Staff             |       |       |       |       |       |     2 ||     2
Throw: Dart              |       |     4 |    14 |     2 |     2 |     2 ||    24
       Throwing net      |       |       |     2 |     1 |     1 |     1 ||     5
 Cast: Freeze            |    52 |    70 |   101 |   262 |   314 |       ||   799
       Frozen Ramparts   |       |    11 |    32 |    63 |    48 |     2 ||   156
       Ozocubu's Armour  |       |     2 |    21 |    41 |    47 |    11 ||   122
       Hailstorm         |       |       |     1 |    18 |    16 |       ||    35
       Iron Shot         |       |       |       |     3 |   248 |   302 ||   553
       Summon Forest     |       |       |       |       |    16 |     1 ||    17
       Ozocubu's Refrige |       |       |       |       |     1 |    15 ||    16
       Freezing Cloud    |       |       |       |       |       |    18 ||    18
       Metabolic Englaci |       |       |       |       |       |     3 ||     3
Evoke: Wand              |       |       |     5 |    41 |    17 |     6 ||    69
  Use: Scroll            |     1 |     6 |     4 |     8 |    18 |     6 ||    43
       Potion            |       |       |       |     4 |     8 |     4 ||    16
 Stab: Sleeping          |     2 |     4 |     2 |     3 |     1 |       ||    12
       Invisible         |       |       |     2 |       |       |       ||     2
       Paralysed         |       |       |       |       |     5 |       ||     5
       Distracted        |       |       |       |       |       |     1 ||     1
Armor: Robe              |    12 |    30 |    50 |    60 |   117 |    70 ||   339
Dodge: Dodged            |    34 |    71 |   139 |   252 |   358 |   108 ||   962
Block: Other             |       |       |       |    63 |    89 |       ||   152
       Reflection        |       |       |       |     2 |    10 |    21 ||    33
       Kite shield       |       |       |       |       |    12 |   167 ||   179

Table legend: (Time is in decaauts)
 A = Elapsed time spent in this place.
 B = Non-inter-level travel time spent in this place.
 C = Inter-level travel time spent in this place.
 D = Time resting spent in this place.
 E = Time spent auto-exploring this place.
 F = Levels seen in this place.
 G = Mean time per level.
                   A        B        C        D        E       F      G
               +--------+--------+--------+--------+--------+-----+--------+
         Total |  44879 |  42699 |   2180 |  10377 |  25046 |  31 | 1447.7 |
       Dungeon |  18910 |  18098 |    812 |   2042 |  13188 |  15 | 1260.7 |
        Temple |    132 |    111 |     21 |      0 |    100 |   1 |  132.0 |
          Lair |  13804 |  12901 |    903 |   3711 |   7052 |   6 | 2300.7 |
         Swamp |   6838 |   6533 |    305 |   2785 |   2832 |   4 | 1709.5 |
   Spider Nest |    562 |    562 |      0 |    157 |    183 |   1 |  562.0 |
  Orcish Mines |   2947 |   2810 |    137 |   1009 |   1247 |   2 | 1473.5 |
         Sewer |    625 |    625 |      0 |     44 |    443 |   1 |  625.0 |
        Bailey |   1057 |   1057 |      0 |    629 |      0 |   1 | 1057.0 |
               +--------+--------+--------+--------+--------+-----+--------+

Top non-repeatable levels by time:
  Lair:2: 3743 daAuts
  Lair:6: 2389 daAuts
  Lair:3: 2301 daAuts
  Lair:1: 2266 daAuts
    D:13: 2006 daAuts
 Swamp:4: 1971 daAuts
    D:15: 1955 daAuts
 Swamp:2: 1844 daAuts
  Lair:5: 1810 daAuts
     D:7: 1742 daAuts
   Orc:1: 1737 daAuts
    D:12: 1599 daAuts
 Swamp:1: 1558 daAuts
 Swamp:3: 1463 daAuts
     D:4: 1391 daAuts
